 Dungeon Crawl Stone Soup version 0.20.0-15-g7f486f2 (webtiles) character file.

20968 kuniqs the Fighter (level 12, -7/66 HPs)
             Began as a Vine Stalker Venom Mage on June 11, 2017.
             Was a Follower of Uskayaw.
             Mangled by an orc knight
             ... wielding a cursed -2 great sword
              (13 damage)
             ... on level 2 of the Orcish Mines.
             The game lasted 00:40:37 (14644 turns).

kuniqs the Fighter (Vine Stalker Venom Mage)       Turns: 14644, Time: 00:40:38

Health: -7/66      AC: 20    Str: 15      XL:     12   Next: 85%
Magic:  0/18       EV:  8    Int: 13 (15) God:    Uskayaw [*.....]
Gold:   1009       SH:  0    Dex: 14 (16) Spells: 9/15 levels left

rFire    . . .     SeeInvis .   b - +2 dagger (flame)
rCold    + . .     Gourm    .   (no shield)
rNeg     . . .     Faith    .   j - +0 plate armour
rPois    .         Spirit   +   n - +2 hat
rElec    .         Reflect  .   J - +0 cloak
rCorr    .         Harm     .   c - +0 pair of gloves
MR       +....                  k - +0 pair of boots
Stlth    ..........             (no amulet)
Regen    1.1/turn               O - ring of protection from cold
MPRegen  0.2/turn               (no ring)

@: no status effects
A: fangs 3, regeneration 2, magic shield, antimagic bite, no potion heal 3, rot
immunity
a: Stomp, Renounce Religion


You were on level 2 of the Orcish Mines.
You worshipped Uskayaw.
Uskayaw was noncommittal.
You were hungry.

You visited 4 branches of the dungeon, and saw 19 of its levels.
You also visited: Ossuary.

You collected 1009 gold pieces.

Inventory:

Hand Weapons
 b - a +2 dagger of flaming (weapon)
 o - a +1 short sword of venom
Missiles
 D - 8 throwing nets (quivered)
Armour
 a - a +0 robe
 c - a +0 pair of gloves (worn)
 j - a +0 plate armour (worn)
 k - a +0 pair of boots (worn)
 n - a +2 hat (worn)
 J - a +0 cloak (worn)
Jewellery
 O - a ring of protection from cold (left hand)
 S - the amulet of the Air {Inacc +Fly rElec EV+5 RMsl}
   (You found it on level 2 of the Lair of Beasts)

   [amulet of inaccuracy]

   It reduces the accuracy of all your attacks.
   It affects your evasion (+5).
   It insulates you from electricity.
   It lets you fly.
   It protects you from missiles.
Wands
 h - a wand of digging (14/24)
 i - a wand of flame (33/48)
 p - a wand of enslavement (12/24)
 q - a wand of flame (10/48)
 u - a wand of polymorph (9/24)
 x - a wand of acid (0/15)
Scrolls
 l - 12 scrolls of teleportation
 m - a scroll of fear
 r - 4 scrolls of remove curse {@r2}
 s - a scroll of recharging
 w - a scroll of vulnerability
 F - a scroll of blinking
 G - a scroll of holy word {unknown}
 H - a scroll of random uselessness {unknown}
 I - a scroll of torment {unknown}
 K - a scroll of magic mapping
 L - a scroll of immolation
 R - a scroll of noise {unknown}
Potions
 g - 2 potions of haste
 t - 6 potions of curing {@q1}
 v - 4 potions of brilliance
 z - a potion of lignification
 A - a potion of ambrosia
 C - a potion of resistance
 E - a potion of mutation
Miscellaneous
 y - a box of beasts
 P - a sack of spiders
Comestibles
 d - 4 bread rations
 e - 3 meat rations
 f - 27 fruits
 T - 6 chunks of flesh
 U - a royal jelly


   Skills:
 + Level 9.3 Fighting
 + Level 9.0 Short Blades
 + Level 8.7 Armour
 + Level 8.3 Dodging
 - Level 2.4 Stealth
 - Level 2.1 Spellcasting
 - Level 1.0 Conjurations
 - Level 3.0 Poison Magic
 + Level 6.8 Invocations


You had 9 spell levels left.
You knew the following spells:

 Your Spells              Type           Power        Failure   Level  Hunger
a - Sting                 Conj/Pois      #...         99%         1    ##.....
b - Poisonous Vapours     Pois/Air       #.....       100%        2    ###....
c - Mephitic Cloud        Conj/Pois/Air  #.......     100%        3    ####...


Dungeon Overview and Level Annotations

Branches:
Dungeon (12/15)            Temple (1/1) D:7            Lair (4/6) D:11
  Swamp (0/4) Lair:2          Orc (2/2) D:11            Elf (0/3) Orc:2
  Snake: Lair:2-4    Spider: Lair:2-4

Altars:
Ashenzari
Cheibriados
Elyvilon
Fedhas
Gozag
Hepliaklqana
Makhleb
Nemelex Xobeh
Qazlal
Ru
Sif Muna
Uskayaw
Xom
Yredelemnul
Zin

Shops:
D:4 %

Annotations:
D:3 1 runed door
D:10 exclusions: electric eel and 2 more exclusions
Lair:3 Rupert


Innate Abilities, Weirdness & Mutations

You have razor-sharp teeth.
You heal very quickly.
When hurt, damage is shared between your health and your magic reserves.
Your bite disrupts and absorbs the magic of your enemies.
Potions cannot restore your health.
You are immune to rotting.


Message History

The orc knight is moderately wounded.
You hit the orc knight. You burn the orc knight.
Your bite misses the orc knight.
The orc knight is heavily wounded.
The orc knight hits you with an enchanted great sword.
* * * LOW HITPOINT WARNING * * *
You hit the orc knight but do no damage.
The orc knight is heavily wounded.
You hit the orc knight. You burn the orc knight.
The orc knight is heavily wounded.
Your plate armour prevents you from hitting the orc knight.
The orc knight is heavily wounded.
The orc knight hits you with an enchanted great sword!!
* * * LOW HITPOINT WARNING * * *
You closely miss the orc knight.
The orc knight is heavily wounded.
You closely miss the orc knight.
The orc knight is heavily wounded.
The orc knight hits you with an enchanted great sword!
You die...

*,,,* **, ##*,** **, #.#,,,*
*,, #.#*,,,*****, #.#
**,*,,**,, ## #.# **,,,,,,,,,
#.# ##.# *,,,,,,,,,, #.###.#
*,,,,,,,,*, #.#@##
**.#*,,,,,, #o## *#.##..,,,,
*** ##.## ###$.......,,
**,***##.###.#..#.......
**,,,.####)#)............
**,*,,....##o#.......#....
*,,,,......$)†.......#....
****,,,......#....##....#.#.
**,*,,,,..#.$......#.........


You could see an orc knight.

Vanquished Creatures
  The ghost of removed the Thaumaturge, a journeyman DEFi of Kikubaaqudgha (Orc:2)
  2 two-headed ogres
  An orc high priest (Orc:1)
  The ghost of Scuka the Geomancer, a novice GrEE of Vehumet (D:7)
  An orc knight (Orc:2)
  2 orc sorcerers (Orc:2)
  A black mamba (Lair:1)
  2 spiny frogs
  A freezing wraith (D:11)
  3 komodo dragons
  A polar bear (Lair:3)
  A hornet (D:9)
  3 trolls
  A slime creature (D:12)
  5 hippogriffs
  A spriggan (Lair:3)
  19 yaks
  A basilisk (D:11)
  A steam dragon (D:8)
  2 wargs
  5 porcupines
  2 water moccasins
  Purgy (D:3)
  10 orc warriors
  4 ice beasts
  7 ogres
  2 black bears
  5 wolves
  4 sky beasts
  3 phantoms
  8 centaurs
  4 big kobolds
  4 crocodiles
  8 bullfrogs
  A wyvern zombie (D:9)
  A water moccasin zombie (D:7)
  4 scorpions
  4 killer bees (D:8)
  5 wights (D:10)
  A bullfrog zombie (D:8)
  2 quasits
  4 centaur zombies
  5 crimson imps
  6 hounds
  2 jellies (D:5)
  Crazy Yiuf (D:7)
  22 orc wizards
  A bullfrog skeleton (D:5)
  2 centaur skeletons
  9 orc priests
  Jessica (D:2)
  Ijyb (D:3)
  Terence (D:3)
  4 iguanas
  A human skeleton (D:3)
  9 worker ants
  A big kobold zombie (Ossuary)
  A hound zombie (D:7)
  A hound skeleton (D:11)
  5 mummies (Ossuary)
  A killer bee simulacrum (D:10)
  A worker ant zombie (D:11)
  4 gnolls (D:4)
  12 adders
  A white imp (D:10)
  A howler monkey simulacrum (D:10)
  5 ufetubi (D:10)
  An ooze (D:6)
  2 adder zombies
  3 adder skeletons
  4 worms
  A dart slug (D:2)
  3 leopard geckos
  59 orcs
  8 bats
  7 giant cockroaches
  5 goblins
  9 hobgoblins
  15 jackals
  A quokka (D:4)
  A ball python (D:3)
  5 frilled lizards
  A hobgoblin zombie (Ossuary)
  22 kobolds
  20 rats
404 creatures vanquished.

Vanquished Creatures (others)
  12 fungi (Orc:2)
12 creatures vanquished.

Grand Total: 416 creatures vanquished

Notes
Turn   | Place    | Note
-------+----------+-------------------------------------------
     0 | D:1      | kuniqs the Vine Stalker Venom Mage began the quest for the Orb.
     0 | D:1      | Reached XP level 1. HP: 9/9 MP: 4/4
   283 | D:1      | Reached XP level 2. HP: 14/14 MP: 4/6
   292 | D:1      | Learned a level 2 spell: Poisonous Vapours
   613 | D:1      | Reached skill level 1 in Fighting
   870 | D:1      | Reached skill level 1 in Armour
   870 | D:1      | Reached XP level 3. HP: 18/18 MP: 2/7
  1386 | D:2      | Noticed Jessica
  1570 | D:2      | Killed Jessica
  1570 | D:2      | Reached skill level 1 in Short Blades
  1570 | D:2      | Gained mutation: Your natural rate of healing is unusually fast. [Vine Stalker growth]
  1570 | D:2      | Reached XP level 4. HP: 23/23 MP: 2/8
  2265 | D:3      | Found a runed door.
  2265 | D:3      | Noticed a human
  2269 | D:3      | Noticed Terence
  2283 | D:2      | Reached XP level 5. HP: 11/26 MP: 0/9
  2386 | D:3      | Noticed Purgy
  2400 | D:3      | Killed Purgy
  2461 | D:3      | Noticed Ijyb
  2473 | D:3      | Killed Ijyb
  2473 | D:3      | Reached XP level 6. HP: 31/32 MP: 0/10
  2752 | D:3      | Noticed an orc warrior
  2920 | D:3      | Killed Terence
  2948 | D:3      | Found a basalt altar of Yredelemnul.
  3205 | D:3      | Killed an orc warrior
  3205 | D:3      | Reached XP level 7. HP: 31/36 MP: 2/11
  4021 | D:4      | Found Amif's Food Shoppe.
  4140 | D:5      | Entered Level 5 of the Dungeon
  4506 | D:5      | Found a shattered altar of Ashenzari.
  4570 | D:5      | Gained mutation: You have razor-sharp teeth. [Vine Stalker growth]
  4570 | D:5      | Reached XP level 8. HP: 42/42 MP: 6/12
  4684 | D:5      | Found a deep blue altar of Sif Muna.
  4984 | D:5      | Found a shimmering altar of Xom.
  5060 | D:5      | Found a sparkling altar of Nemelex Xobeh.
  5165 | D:5      | Found a sparkling altar of Nemelex Xobeh.
  5513 | D:6      | Learned a level 3 spell: Mephitic Cloud
  5767 | D:6      | Reached XP level 9. HP: 42/46 MP: 9/13
  5886 | D:6      | Reached skill level 5 in Fighting
  5958 | D:6      | Found a sacrificial altar of Ru.
  6047 | D:6      | Found a blossoming altar of Fedhas.
  6165 | D:6      | Reached skill level 5 in Short Blades
  6165 | D:6      | Reached skill level 5 in Armour
  6464 | D:7      | Reached skill level 5 in Dodging
  6483 | D:7      | Noticed Scuka's ghost (novice GrEE)
  6643 | D:8      | Found a sacrificial altar of Ru.
  6836 | D:8      | Found a sand-covered staircase.
  6855 | Ossuary  | Entered an ossuary
  7580 | D:8      | Reached XP level 10. HP: 53/53 MP: 7/14
  7581 | D:8      | Found a hazy altar of Hepliaklqana.
  8306 | D:7      | Found a runed door.
  8310 | D:7      | Noticed Crazy Yiuf
  8321 | D:7      | Killed Crazy Yiuf
  8406 | D:7      | Found a staircase to the Ecumenical Temple.
  8413 | Temple   | Entered the Ecumenical Temple
  8433 | Temple   | Became a worshipper of Uskayaw the Reveler
  8470 | D:7      | Reached * piety under Uskayaw
  8473 | D:7      | Reached ** piety under Uskayaw
  8573 | D:7      | Reached *** piety under Uskayaw
  8633 | D:7      | Reached skill level 1 in Invocations
  8731 | D:7      | Reached **** piety under Uskayaw
  8732 | D:7      | Killed Scuka's ghost
  9433 | D:9      | Noticed a two-headed ogre
  9618 | D:9      | Killed a two-headed ogre
  9958 | D:10     | Entered Level 10 of the Dungeon
  9978 | D:10     | Reached XP level 11. HP: 43/58 MP: 15/15
 10617 | D:10     | Noticed a two-headed ogre
 10623 | D:11     | Found a staircase to the Orcish Mines.
 10722 | D:10     | Killed a two-headed ogre
 11061 | D:11     | Found a staircase to the Lair.
 11496 | D:11     | Reached skill level 5 in Invocations
 11755 | Lair:1   | Entered Level 1 of the Lair of Beasts
 12039 | Lair:1   | Reached ***** piety under Uskayaw
 12050 | Lair:1   | Gained mutation: You heal very quickly. [Vine Stalker growth]
 12050 | Lair:1   | Reached XP level 12. HP: 55/65 MP: 17/17
 12725 | Lair:2   | Found a staircase to the Swamp.
 13804 | Lair:3   | Noticed Rupert
 13804 | Lair:3   | Paralysed by Rupert for 5 turns
 13828 | Lair:4   | Noticed an eight-headed hydra
 14015 | Orc:1    | Entered Level 1 of the Orcish Mines
 14176 | Orc:1    | Noticed an orc high priest
 14242 | Orc:1    | Killed an orc high priest
 14306 | Orc:2    | Entered Level 2 of the Orcish Mines
 14327 | Orc:2    | Noticed removed's ghost (journeyman DEFi)
 14487 | Orc:2    | Killed removed's ghost
 14503 | Orc:2    | Reached ****** piety under Uskayaw
 14644 | Orc:2    | Mangled by an orc knight

Skill      XL: |  1  2  3  4  5  6  7  8  9 10 11 12 |
---------------+-------------------------------------+-----
Dodging        | 2 3 4 5 6 7 8 |  8.3
Fighting       | 1 2 3 4 6 7 8 9 |  9.3
Armour         | 1 2 3 4 5 6 7 8 |  8.7
Short Blades   | 1 2 3 4 5 7 8 9 |  9.0
Invocations    | 3 5 6 |  6.8
Stealth        | |  2.4
Spellcasting   | |  2.1
Conjurations   | |  1.0
Poison Magic   | |  3.0

Action                   |  1- 3 |  4- 6 |  7- 9 | 10-12 || total
-------------------------+-------+-------+-------+-------++-------
Melee: Unarmed           |    40 |       |       |       ||    40
       Bite              |    10 |    19 |   118 |   395 ||   542
       Short sword       |    36 |    73 |   171 |   406 ||   686
       Dagger            |    19 |       |   197 |   860 ||  1076
 Cast: Sting             |    14 |       |       |       ||    14
       Poisonous Vapours |    18 |    42 |   139 |    20 ||   219
Invok: Grand Finale      |       |       |       |     1 ||     1
Evoke: Wand              |       |       |    10 |    21 ||    31
       Box of beasts     |       |       |       |     2 ||     2
  Use: Scroll            |       |       |     9 |    12 ||    21
       Potion            |       |       |     4 |     5 ||     9
 Stab: Sleeping          |     2 |     1 |     5 |       ||     8
       Paralysed         |       |       |       |    38 ||    38
       Invisible         |       |       |       |     8 ||     8
  Eat: Chunk             |     4 |     8 |    24 |    26 ||    62
       Fruit             |       |       |     2 |       ||     2
Armor: Robe              |    31 |    16 |    51 |    16 ||   114
       Plate armour      |       |       |     6 |   568 ||   574
Dodge: Dodged            |    76 |    47 |   270 |   413 ||   806
       Deflected         |       |       |       |     4 ||     4
